 Dungeon Crawl Stone Soup version 0.20.0-14-g326068f (webtiles) character file.

3112 QuCean the Firebug (level 9, -4/72 HPs)
             Began as a Green Draconian Fire Elementalist on June 8, 2017.
             Was a Believer of Vehumet.
             Slain by a sky beast (5 damage)
             ... on level 7 of the Dungeon.
             The game lasted 00:46:44 (10408 turns).

QuCean the Firebug (DrFE)                          Turns: 10408, Time: 00:46:45

Health: -4/72      AC:  7    Str: 11    XL:     9   Next: 60%
Magic:  11/17      EV: 11    Int: 19    God:    Vehumet [**....]
Gold:   518        SH:  7    Dex: 11    Spells: 11/19 levels left

rFire    . . .     SeeInvis .   u - +2 falchion
rCold    . . .     Gourm    .   L - +0 shield
rNeg     . . .     Faith    .   (armour unavailable)
rPois    +         Spirit   .   (helmet restricted)
rElec    .         Reflect  .   (no cloak)
rCorr    .         Harm     .   (no gloves)
MR       .....                  (no boots)
Stlth    +++.......             (no amulet)
Regen    0.3/turn               K - ring of stealth
MPRegen  0.2/turn               (no ring)

@: no status effects
A: breathe noxious fumes, unfitting armour, poison resistance, cold-blooded, AC
+7
a: Breathe Noxious Fumes, Renounce Religion


You were on level 7 of the Dungeon.
You worshipped Vehumet.
Vehumet was pleased with you.
You were not hungry.

You visited 2 branches of the dungeon, and saw 9 of its levels.
You also visited: Ossuary.

You collected 606 gold pieces.
You spent 88 gold pieces at shops.

Inventory:

Hand Weapons
 u - a +2 falchion (weapon)
Armour
 n - a +2 helmet
 L - a +0 shield (worn)
Jewellery
 k - an uncursed amulet of guardian spirit
 K - a ring of stealth (left hand)
Wands
 q - a wand of acid (3/15)
 x - a wand of random effects (36/48)
 y - a wand of random effects (29/48)
 H - a wand of iceblast (10/15)
Scrolls
 j - a scroll of amnesia
 p - a scroll of noise
 w - a scroll of random uselessness
 B - 3 scrolls of recharging
 D - a scroll of vulnerability
 E - a scroll of magic mapping {unknown}
 G - 2 scrolls of remove curse
Potions
 d - 9 potions of curing
 f - 2 potions of degeneration
 i - a potion of mutation {unknown}
 l - 2 potions of cancellation
 m - a potion of resistance {unknown}
 r - a potion of invisibility
 s - 3 potions of haste
 t - 5 potions of might {unknown}
 z - a potion of ambrosia {unknown}
 A - a potion of flight {unknown}
 C - 2 potions of brilliance {unknown}
 F - a potion of lignification {unknown}
 I - a potion of agility {unknown}
Books
 a - a book of Flames

   Spells                             Type                      Level
   a - Flame Tongue                   Conjuration/Fire             1
   b - Throw Flame                    Conjuration/Fire             2
   c - Conjure Flame                  Conjuration/Fire             3
   d - Inner Flame                    Hexes/Fire                   3
   e - Sticky Flame                   Conjuration/Fire             4
   f - Fireball                       Conjuration/Fire             5
Comestibles
 b - 2 bread rations
 h - 5 meat rations
 J - a fruit


   Skills:
 + Level 4.6 Fighting
 * Level 4.6 Long Blades
 + Level 2.6 Throwing
 + Level 4.6 Dodging
 + Level 4.2 Stealth
 + Level 1.1 Shields
 + Level 3.0 Unarmed Combat
 + Level 5.8 Spellcasting
 + Level 5.6 Conjurations
 + Level 6.9 Fire Magic


You had 11 spell levels left.
You knew the following spells:

 Your Spells              Type           Power        Failure   Level  Hunger
a - Flame Tongue          Conj/Fire      ####.        4%          1    None
b - Throw Flame           Conj/Fire      ####..       8%          2    None
c - Fireball              Conj/Fire      ####......   80%         5    #####..


Dungeon Overview and Level Annotations

Branches:
Dungeon (8/15)             Temple (1/1) D:4
   Lair: D:8-11

Altars:
Makhleb
Okawaru
Vehumet

Shops:
D:4 }[?*


Innate Abilities, Weirdness & Mutations

You can breathe blasts of noxious fumes.
Your lurid green scales are hard. (AC +7)
You cannot fit into any form of body armour.
Your system is resistant to poisons. (rPois)
You are cold-blooded and may be slowed by cold attacks.


Message History

Something hits you but does no damage.
Your shield prevents you from hitting the crimson imp.
The crimson imp is heavily wounded.
You are engulfed in a cloud of scalding steam.
You block the crimson imp's attack. The steam dragon bites you!
You block the steam dragon's attack.
The crimson imp blinks!
Something hits you. Something shocks you.
* * * LOW HITPOINT WARNING * * *
You miss the crimson imp.
The crimson imp is heavily wounded.
The steam dragon breathes steam at you. The ball of steam hits you!
* * * LOW HITPOINT WARNING * * *
The ball of steam hits the crimson imp.
The crimson imp resists.
The crimson imp hits you.
* * * LOW HITPOINT WARNING * * *
Something hits you.
* * * LOW HITPOINT WARNING * * *
Something shocks you.
You die...

.....###..##### ..####
##.###.# ...# #.##..#
##.# #.##..# # .##
#.#...## ##..# #.#.#..#
....### #.#.##.# .
###...###...##.#######...
###...........§5@D.......
..........<###.##{....#..
#...........##.##.§...≈≈≈
.............#.##...§§§≈≈
...........#.#..#..#≈≈≈..
.........#....#.#...≈≈...
..............#.....≈5.##
.........###........≈≈#(#
.........#
##...#...≈≈.?##.≈≈


You could see a steam dragon and 2 crimson imps.

Vanquished Creatures
  Pikel (D:5)
  An orc warrior (D:7)
  A phantom (D:4)
  A sky beast (D:7)
  A black bear (D:6)
  4 slaves (D:5)
  2 ice beasts
  3 centaurs
  2 ogres
  4 bullfrogs
  2 scorpions
  A water moccasin skeleton (D:7)
  6 killer bees
  A howler monkey (D:6)
  A centaur zombie (D:6)
  A crimson imp (D:7)
  A bullfrog zombie (D:6)
  2 hounds
  A jelly (D:6)
  A gnoll shaman (D:6)
  A bullfrog skeleton (D:4)
  5 orc wizards
  2 iguanas
  6 worker ants
  8 mummies (Ossuary)
  9 gnolls
  7 adders
  An ooze (D:2)
  5 worms
  5 dart slugs
  7 leopard geckos
  17 orcs
  6 bats
  4 giant cockroaches
  2 gnoll zombies (Ossuary)
  6 goblins
  7 hobgoblins
  17 jackals
  10 kobolds
  4 ball pythons
  2 frilled lizards
  3 hobgoblin zombies (Ossuary)
  3 orc zombies (Ossuary)
  3 rats
177 creatures vanquished.

Notes
Turn   | Place    | Note
-------+----------+-------------------------------------------
     0 | D:1      | QuCean the Draconian Fire Elementalist began the quest for the Orb.
     0 | D:1      | Reached XP level 1. HP: 14/14 MP: 3/3
   174 | D:1      | Reached XP level 2. HP: 19/20 MP: 1/5
   536 | D:1      | Reached skill level 4 in Fire Magic
   536 | D:1      | Reached XP level 3. HP: 31/31 MP: 1/8
  1030 | D:2      | Reached XP level 4. HP: 38/38 MP: 5/9
  2321 | D:3      | Reached XP level 5. HP: 44/45 MP: 8/10
  2706 | D:3      | Found an iron altar of Okawaru.
  3074 | D:4      | Found a staircase to the Ecumenical Temple.
  3082 | D:4      | Found Qixeikana's General Store.
  3104 | D:4      | Reached skill level 5 in Fire Magic
  3183 | Temple   | Entered the Ecumenical Temple
  3216 | Temple   | Became a worshipper of Vehumet
  3259 | D:4      | Found a burning altar of Makhleb.
  3298 | D:4      | Found Caawkem's Gadget Emporium.
  3306 | D:4      | Reached XP level 6. HP: 37/51 MP: 4/12
  3364 | D:4      | Found a sand-covered staircase.
  3364 | D:4      | Found Mohexzoq's Magic Scroll Shoppe.
  3391 | D:4      | Bought a scroll of identify for 22 gold pieces
  3392 | D:4      | Bought a scroll of identify for 22 gold pieces
  3392 | D:4      | Bought a scroll of identify for 22 gold pieces
  3392 | D:4      | Bought a scroll of identify for 22 gold pieces
  3552 | Ossuary  | Entered an ossuary
  3699 | Ossuary  | Learned a level 2 spell: Throw Flame
  3710 | Ossuary  | Learned a level 5 spell: Fireball
  4381 | D:4      | Found Pukloum's Armour Shoppe.
  4426 | D:5      | Entered Level 5 of the Dungeon
  4892 | D:5      | Reached skill level 1 in Long Blades
  4892 | D:5      | Your scales start taking on a lurid green colour.
  4892 | D:5      | Reached XP level 7. HP: 39/57 MP: 4/13
  4892 | D:5      | Gained mutation: Your system is resistant to poisons. (rPois) [Green Draconian growth]
  5558 | D:6      | Noticed Pikel
  5935 | D:5      | Killed Pikel
  5935 | D:5      | Reached XP level 8. HP: 23/66 MP: 0/15
  6182 | D:5      | Reached skill level 6 in Fire Magic
  6269 | D:5      | Reached * piety under Vehumet
  6269 | D:5      | Offered knowledge of Freeze by Vehumet.
  7258 | D:6      | Reached skill level 5 in Spellcasting
  7448 | D:6      | Reached skill level 5 in Conjurations
  8168 | D:7      | Reached XP level 9. HP: 57/72 MP: 13/17
  9401 | D:7      | Offered knowledge of Sandblast by Vehumet.
  9687 | D:7      | Reached ** piety under Vehumet
 10197 | D:6      | Reached skill level 1 in Shields
 10408 | D:7      | HP: 1/72 [something (4)]
 10408 | D:7      | Slain by a sky beast

Skill      XL: |  1  2  3  4  5  6  7  8  9 |
---------------+----------------------------+-----
Dodging        | 3 4 |  4.6
Fighting       | 3 4 |  4.6
Throwing       | 2 |  2.6
Stealth        | 3 4 |  4.2
Unarmed Combat | 2 3 |  3.0
Spellcasting   | 3 4 5 |  5.8
Conjurations   | 3 4 5 |  5.6
Fire Magic     | 4 5 6 |  6.9
Long Blades    | 1 2 3 4 |  4.6
Shields        | 1 |  1.1

Action                   |  1- 3 |  4- 6 |  7- 9 || total
-------------------------+-------+-------+-------++-------
Melee: Unarmed           |    22 |    21 |       ||    43
       Tailslap          |     2 |     7 |    23 ||    32
       Falchion          |       |    24 |   228 ||   252
       Punch             |       |       |     2 ||     2
 Cast: Flame Tongue      |    35 |   175 |   251 ||   461
  Use: Scroll            |     2 |     9 |    11 ||    22
       Potion            |     1 |       |     1 ||     2
 Stab: Sleeping          |       |     1 |       ||     1
       Distracted        |       |       |     1 ||     1
  Eat: Chunk             |       |     8 |     2 ||    10
       Meat ration       |       |     1 |       ||     1
       Royal jelly       |       |       |     4 ||     4
       Bread ration      |       |       |     2 ||     2
Armor: Skin              |    15 |    37 |   152 ||   204
Dodge: Dodged            |    27 |   111 |   350 ||   488
Block: Shield            |       |       |    65 ||    65
       Rpst.: Falchion   |       |    14 |   114 ||   128
